 Dungeon Crawl Stone Soup version 0.28-a0-479-g5baa6b73be (webtiles) character file.

Game seed: 8089537026042593384

125 spiderkeys the Skirmisher (level 5, -11/37 HPs)
             Began as an Octopode Abyssal Knight on Sept 18, 2021.
             Was a Follower of Lugonu.
             Mangled by a tentacled starspawn (19 damage)
             ... on level 2 of the Abyss.
             The game lasted 00:00:45 (268 turns).

spiderkeys the Skirmisher (Octopode Abyssal Knight)  Turns: 268, Time: 00:00:45

Health: -11/37     AC:  1    Str: 12    XL:     5   Next: 9%
Magic:  2/7        EV: 13    Int: 15    God:    Lugonu [*.....]
Gold:   38         SH:  0    Dex: 11    Spells: 4/4 levels left

rFire   . . .      SeeInvis .   a - +2 great sword (holy)
rCold   . . .      Faith    .   (shield currently unavailable)
rNeg    . . .      Spirit   .   (helmet restricted)
rPois   .          Reflect  .   (no amulet)
rElec   .          Harm     .   (no ring)
rCorr   .          Rampage  .   (no ring)
Will    .....                   (no ring)
Stlth   ++........              (no ring)
HPRegen 0.12/turn               (no ring)
MPRegen 0.10/turn               (no ring)
                                (no ring)
                                (no ring)

@: no status effects
A: almost no armour, amphibious, 8 rings, camouflage 1, gelatinous body 1,
(nimble swimmer 1), tentacles
a: Renounce Religion, Depart the Abyss


You were on level 2 of the Abyss.
You worshipped Lugonu.
Lugonu was aware of your devotion.
You visited 0 branches of the dungeon, and saw 0 of its levels.
You visited the Abyss 1 time.

You collected 38 gold pieces.


Innate Abilities, Weirdness & Mutations

You cannot wear most types of armour.
You are amphibious.
You can wear up to eight rings at the same time.
Your skin changes colour to match your surroundings (Stealth+).
Your rubbery body absorbs attacks. (AC +1, EV +1)
((You are camouflaged near water. (Stealth+)))
You have tentacles for arms and can constrict up to eight enemies at once.


   Skills:
 + Level 3.8 Fighting
 + Level 3.3 Dodging
 + Level 3.0 Unarmed Combat
 + Level 3.2 Invocations


You had 4 spell levels left.
You didn't know any spells.
Your spell library was empty.

Inventory:

Hand Weapons
 a - a +2 great sword of holy wrath (weapon)
   (You found it on level 2 of the Abyss)

Dungeon Overview and Level Annotations

Branches:
Dungeon (0/15)

Altars:

.# #.. ### ..#
#### .# #.#
#..#### .#
#...#..#.#.#
#...#....#
##..§§X#
#.#.#@### # ..
#...## ## # ..
#.##.# ..
.#...##.
#....#. ...##
....###.#....
#
....#.##.#.#.#
.## ##..... .
...#.. ...#..#


You could see a tentacled starspawn.


Message History

🤖 Initializing magus.rc ...
Options error: Delay interrupt name "hungry" not recognised. (~/.crawlrc:4988) ✅ Successfully initialized magus.rc [v1.9.10] Welcome, spiderkeys the Octopode Abyssal Knight.
The bosom of this dungeon contains the fabulous artefact, the Orb of Zot.
Lugonu says: Depart the Abyss and spread corruption, my servant! (use the ability menu to exit the Abyss) Press ? for a list of commands and other information.
Found a corrupted altar of Lugonu.
Found a gateway leading out of the Abyss.
Found a gateway leading out of the Abyss.
There is a gateway leading out of the Abyss here.
You now have 9 gold pieces.
There is a gateway leading out of the Abyss here.
There is a gateway leading out of the Abyss here.
There is a gateway leading out of the Abyss here.
There is a corrupted altar of Lugonu here.
There is a gateway leading out of the Abyss here.
You are suddenly pulled into a different region of the Abyss!
Found a gateway leading deeper into the Abyss.
There is a gateway leading deeper into the Abyss here.
There is a gateway leading deeper into the Abyss here.
You plunge deeper into the Abyss.
You now have 23 gold pieces (gained 14).
You are suddenly pulled into a different region of the Abyss!
Found a glowing great sword.
You see here a +2 great sword of holy wrath.
a - a +2 great sword of holy wrath Your +2 great sword of holy wrath softly glows with a divine radiance!
a - a +2 great sword of holy wrath (weapon)
You now have 38 gold pieces (gained 15).
A flying skull comes into view.
A neqoxec comes into view.
A tentacled starspawn comes into view.
You barely miss the neqoxec. Your grab misses the neqoxec.
The neqoxec closely misses you.
You slash the neqoxec!
The neqoxec convulses.
You grab the neqoxec.
You constrict the neqoxec, but do no damage.
The neqoxec completely misses you. The neqoxec barely misses you.
You hit the neqoxec.
The neqoxec convulses.
You constrict the neqoxec, but do no damage.
The neqoxec barely misses you. The neqoxec closely misses you.
You hit the neqoxec but do no damage. You constrict the neqoxec.
The neqoxec hits you. x2
* * * LOW HITPOINT WARNING * * *
😨 HP[-8]
You take 8 damage, and now have 8/16 hp.
MASSIVE DAMAGE!! (PAUSE)
You hit the neqoxec but do no damage. Your squeeze misses the neqoxec.
You constrict the neqoxec. The neqoxec hits you.
* * * LOW HITPOINT WARNING * * *
😱 HP[-5]
You take 5 damage, and now have 3/16 hp.
MASSIVE DAMAGE!! (PAUSE)
You hit the neqoxec.
The neqoxec convulses.
You constrict the neqoxec.
You kill the neqoxec!
Your Dodging skill increases to level 3!
Your Unarmed Combat skill increases to level 3!
Your Invocations skill increases to level 3!
You have reached level 2!
You have reached level 3!
Your experience leads to an increase in your attributes!
Increase (S)trength, (I)ntelligence, or (D)exterity?
You feel stronger.
You have reached level 4!
You have reached level 5!
You feel clever. 😱 HP[+5]
You now have 37 max hp (+21).
You regained 5 hp, and now have 8/37 hp.
The substance of the Abyss twists violently, and a gateway leading out appears!
There is a gateway leading out of the Abyss here.
The tentacled starspawn bites you!!
Ouch! That really hurt!
You die...

Skill      XL: |  1 |
---------------+----+-----
Dodging        | 3 |  3.3
Unarmed Combat | 3 |  3.0
Invocations    | 3 |  3.2
Fighting       | |  3.8

Action                   |  1- 3 |  4- 6 || total
-------------------------+-------+-------++-------
Melee: Great sword       |     6 |       ||     6
       Constrict         |     1 |       ||     1
Dodge: Dodged            |     5 |       ||     5

Levels and vault maps discovered:
Abyss:2:  base: Temple, evilmike_abyss_exit_1, minivault_22,
          evilmike_abyss_exit_7, hangedman_abyss_lost_library,
          hangedman_abyss_mock_shop

Notes
Turn   | Place    | Note
-------+----------+-------------------------------------------
     0 | Abyss:1  | spiderkeys the Octopode Abyssal Knight began the quest for
                  | the Orb.
     0 | Abyss:1  | Reached XP level 1. HP: 16/16 MP: 2/2
     0 | Abyss:1  | magus.rc [v1.9.10]
    74 | Abyss:1  | Found a corrupted altar of Lugonu.
   251 | Abyss:2  | Noticed a flying skull
   258 | Abyss:2  | Noticed a neqoxec
   259 | Abyss:2  | Noticed a tentacled starspawn
   265 | Abyss:2  | HP: 3/16 [neqoxec (5)]
   266 | Abyss:2  | Killed a neqoxec
   267 | Abyss:2  | Reached skill level 3 in Dodging
   267 | Abyss:2  | Reached skill level 3 in Unarmed Combat
   267 | Abyss:2  | Reached skill level 3 in Invocations
   267 | Abyss:2  | Reached XP level 2. HP: 4/22 MP: 2/4
   267 | Abyss:2  | Reached XP level 3. HP: 5/27 MP: 2/5
   267 | Abyss:2  | Reached XP level 4. HP: 7/33 MP: 2/6
   267 | Abyss:2  | Reached XP level 5. HP: 8/37 MP: 2/7
   268 | Abyss:2  | Mangled by a tentacled starspawn

Vanquished Creatures
  A neqoxec (Abyss:2)
1 creature vanquished.

Table legend:
 A = Non-vault XP
 B = Vault XP
 C = Vault XP percentage of total XP
 D = Non-vault monster count
 E = Vault monster count
 F = Vault count percentage of total count
                 A         B        C        D         E       F
            +---------+---------+-------+---------+---------+-------
      Total |     179 |       0 |   0.0 |       1 |       0 |   0.0
            +---------+---------+-------+---------+---------+-------
    Abyss:2 |     179 |       0 |   0.0 |       1 |       0 |   0.0
            +---------+---------+-------+---------+---------+-------

Illustrated notes

Table legend:
 A = Kills in this place as a percentage of kills in entire the game.
 B = Kills by you in this place as a percentage of kills by you in the entire game.
 C = Kills by friends in this place as a percentage of kills by friends in the entire game.
 D = Other kills in this place as a percentage of other kills in the entire game.
 E = Experience gained in this place as a percentage of experience gained in the entire game.
 F = Experience gained in this place divided by the number of levels of this place that you have seen.
                   A       B       C       D       E      F
               +-------+-------+-------+-------+-------+----------------------
         Total | 100.0 | 100.0 |   N/A |   N/A | 100.0 |  89.5
         Abyss | 100.0 | 100.0 |   N/A |   N/A | 100.0 |  89.5
               +-------+-------+-------+-------+-------+----------------------

Table legend: (Time is in decaauts)
 A = Elapsed time spent in this place.
 B = Non-inter-level travel time spent in this place.
 C = Inter-level travel time spent in this place.
 D = Time resting spent in this place.
 E = Time spent auto-exploring this place.
 F = Levels seen in this place.
 G = Mean time per level.
                   A        B        C        D        E       F      G
               +--------+--------+--------+--------+--------+-----+--------+
         Total |    271 |    271 |      0 |      0 |    180 |   2 |  135.5 |
         Abyss |    271 |    271 |      0 |      0 |    180 |   2 |  135.5 |
               +--------+--------+--------+--------+--------+-----+--------+

Top non-repeatable levels by time:
 Abyss:1: 181 daAuts
 Abyss:2: 90 daAuts
